 Dungeon Crawl Stone Soup version 0.17-a0-1945-gfe993df (webtiles) character file.

543 Kuldar the Charmwright (level 7, -2/41 HPs)
             Began as a Deep Elf Skald on Oct 1, 2015.
             Was a Follower of Okawaru.
             Slain by an orc
             ... wielding a +1 trident of venom
              (8 damage)
             ... on level 5 of the Dungeon.
             The game lasted 00:21:11 (6276 turns).

Kuldar the Charmwright (Deep Elf Skald)             Turns: 6276, Time: 00:21:11

Health: -2/41      AC:  5    Str:  9    XL:     7   Next: 6%
Magic:  9/13       EV: 14    Int: 19    God:    Okawaru [*.....]
Gold:   333        SH:  0    Dex: 14    Spells: 5 memorised, 1 level left

rFire  + . .     SeeInvis +     a - +0 falchion
rCold  + . .     Clarity  .     w - +2 robe {rC+ rF+}
rNeg   . . .     SustAt   .     (no shield)
rPois  .         Gourm    .     r - +0 helmet (curse)
rElec  .         Spirit   .     (no cloak)
rCorr  .         Warding  .     (no gloves)
rMut   .         Stasis   .     (no boots)
MR     .....                    (no amulet)
Stlth  +.........               (no ring)
                                o - ring of see invisible

@: lethally poisoned (-2 -> -47), not resistant to hostile enchantments, very
unstealthy
A: no striking features
a: Heroism, Renounce Religion


You were on level 5 of the Dungeon.
You worshipped Okawaru.
Okawaru was aware of your devotion.
You were not hungry.

You visited 1 branch of the dungeon, and saw 5 of its levels.

You collected 333 gold pieces.

Inventory:

Hand weapons
 a - a +0 falchion (weapon)
 q - a +2 spear of pain
Armour
 r - a cursed +0 helmet (worn)
 w - a +2 robe of resistance (worn)
Jewellery
 o - a ring of see invisible (left hand)
Magical devices
 t - a wand of draining (3)
Scrolls
 e - 2 scrolls of fog {unknown}
 f - 8 scrolls of identify {unknown}
 g - a scroll of noise {unknown}
 i - 3 scrolls of immolation {unknown}
 j - 5 scrolls of remove curse {unknown}
 k - 2 scrolls of enchant armour {unknown}
 m - a scroll of amnesia {unknown}
 s - a scroll of blinking {unknown}
 u - 3 scrolls of teleportation {unknown}
 y - a scroll of random uselessness {unknown}
Potions
 h - a potion of brilliance
 x - a potion of cancellation
Books
 c - a book of Battle

   Spells                             Type                      Level
   a - Infusion                       Charms                       1
   b - Shroud of Golubria             Charms/Translocation         2
   c - Song of Slaying                Charms                       2
   d - Spectral Weapon                Hexes/Charms                 3
   e - Regeneration                   Charms/Necromancy            3
Comestibles
 d - 3 bread rations
 l - 2 slices of pizza
 n - a beef jerky


   Skills:
 * Level 3.1 Fighting
 * Level 3.9 Long Blades
 * Level 2.6 Armour
 * Level 3.9 Dodging
 - Level 3.0 Spellcasting
 + Level 5.3 Charms
 + Level 1.8 Translocations


You had one spell level left.
You knew the following spells:

 Your Spells              Type           Power        Failure   Level  Hunger
a - Infusion              Chrm           ###...       1%          1    None
b - Shroud of Golubria    Chrm/Tloc      ###.......   8%          2    ##.....
c - Song of Slaying       Chrm           ###.....     2%          2    ##.....
d - Regeneration          Chrm/Necr      ##........   17%         3    ###....
e - Spectral Weapon       Hex/Chrm       ##......     17%         3    ###....


Dungeon Overview and Level Annotations

Branches:
Dungeon (5/15)
 Temple: D:4-7

Altars:
Cheibriados
Dithmenos
Elyvilon
Gozag
Okawaru
Qazlal
Ru
Yredelemnul


Message History

You hit the orc but do no damage.
The orc is almost dead.
You feel sick.
The orc hits you with a trident of venom.
You are more poisoned.
Drink which item? (? for menu, Esc to quit)
Okay, then.
You completely miss the orc.
The orc is almost dead.
* * * LOW HITPOINT WARNING * * *
You feel very sick. The orc barely misses you.
Unknown command.
Drink which item? (? for menu, Esc to quit)
It was a potion of poison.
That liquid tasted very nasty...
You are more poisoned.
* * * LOW HITPOINT WARNING * * *
You feel very sick.
The orc hits you with a trident of venom!
You die...

#.# #.#
#.# #.#
#.# #.#
#.# #.#
#@# #o#
#o).o....
#.###.###
###


You could see 2 orcs.

Vanquished Creatures
  An ogre (D:4)
  A giant frog zombie (D:5)
  An orc priest (D:4)
  Jessica (D:2)
  2 hounds (D:4)
  4 orc wizards
  Robin (D:2)
  A shadow imp (D:4)
  8 adders
  2 adder skeletons
  3 worms
  A giant gecko (D:4)
  12 orcs
  7 bats
  6 giant cockroaches
  18 goblins
  13 hobgoblins
  8 jackals
  4 quokkas
  A ball python (D:4)
  4 giant newts
  A jackal skeleton (D:5)
  15 kobolds
  7 rats
122 creatures vanquished.

Notes
Turn   | Place    | Note
--------------------------------------------------------------
     0 | D:1      | Kuldar the Deep Elf Skald began the quest for the Orb.
     0 | D:1      | Reached XP level 1. HP: 12/12 MP: 6/6
    95 | D:1      | Reached skill level 1 in Armour
   259 | D:1      | Reached XP level 2. HP: 11/17 MP: 6/8
   765 | D:1      | Learned a level 2 spell: Shroud of Golubria
  1186 | D:2      | Reached XP level 3. HP: 7/21 MP: 9/9
  1415 | D:2      | Noticed Jessica
  1425 | D:2      | Killed Jessica
  1538 | D:2      | Reached XP level 4. HP: 23/26 MP: 5/10
  1641 | D:2      | Learned a level 2 spell: Song of Slaying
  1645 | D:2      | Learned a level 3 spell: Regeneration
  1850 | D:2      | Found an opulent altar of Gozag.
  1851 | D:2      | Found a snail-covered altar of Cheibriados.
  1853 | D:2      | Found a white marble altar of Elyvilon.
  1853 | D:2      | Found a shadowy altar of Dithmenos.
  1853 | D:2      | Found a basalt altar of Yredelemnul.
  1853 | D:2      | Found an iron altar of Okawaru.
  1863 | D:2      | Found a sacrificial altar of Ru.
  1865 | D:2      | Found a stormy altar of Qazlal.
  1875 | D:2      | Noticed Robin
  2114 | D:2      | Killed Robin
  2197 | D:2      | Became a worshipper of Warmaster Okawaru
  2531 | D:3      | Found a snail-covered altar of Cheibriados.
  2662 | D:3      | Reached XP level 5. HP: 13/31 MP: 11/11
  4469 | D:4      | Noticed an ogre
  4676 | D:4      | Reached skill level 5 in Charms
  4676 | D:4      | Reached skill level 1 in Translocations
  4743 | D:4      | Reached XP level 6. HP: 13/36 MP: 5/12
  4873 | D:4      | Learned a level 3 spell: Spectral Weapon
  5230 | D:4      | Killed an ogre
  5786 | D:5      | Entered Level 5 of the Dungeon
  6141 | D:5      | Acquired Okawaru's first power
  6141 | D:5      | Reached XP level 7. HP: 34/41 MP: 8/13
  6276 | D:5      | Slain by an orc

Vault maps used:
D:1:      shiori_shiawase
D:2:      grunt_temple_overflow_open, uniq_jessica, uniq_robin
D:3:      cheibriados_altar_1
D:4:      first_bread

Action                   |  1- 3 |  4- 6 |  7- 9 || total
-------------------------+-------+-------+-------++-------
Melee: Falchion          |    91 |   384 |    12 ||   487
 Cast: Infusion          |    13 |    19 |     1 ||    33
       Shroud of Golubri |     1 |     8 |     1 ||    10
       Song of Slaying   |       |     1 |       ||     1
Evoke: Wand              |       |     2 |       ||     2
  Use: Potion            |       |     6 |     1 ||     7
 Stab: Sleeping          |     1 |     1 |       ||     2
  Eat: Chunk             |     2 |    16 |       ||    18
